 Dungeon Crawl Stone Soup version 0.20-a0-947-g2784f4f (webtiles) character file.

219 Hybris the Skirmisher (level 5, 0/88 HPs)
             Began as an Ogre Berserker on Apr 3, 2017.
             Was a Priest of Trog.
             Slain by an iguana (5 damage)
             ... on level 4 of the Dungeon.
             The game lasted 00:05:39 (3998 turns).

Hybris the Skirmisher (Ogre Berserker)              Turns: 3998, Time: 00:05:40

Health: 0/88       AC:  5    Str: 27    XL:     5   Next: 96%
Magic:  0/5        EV: 10    Int:  8    God:    Trog [***...]
Gold:   121        SH:  0    Dex:  8    Spells: 4/4 levels left

rFire    + . .     SeeInvis .   a - +0 mace
rCold    x . .     Gourm    .   (no shield)
rNeg     . . .     Faith    .   b - +0 animal skin
rPois    .         Spirit   +   (helmet restricted)
rElec    .         Reflect  .   l - +1 cloak
rCorr    .         Harm     .   (gloves unavailable)
MR       .....                  (boots unavailable)
Stlth    ..........             j - amulet of guardian spirit
Regen    0.3/turn               g - ring of fire
MPRegen  0.1/turn               (no ring)

@: berserking, lethally poisoned (0 -> -6), starving, very quick
A: unfitting armour, tough skin 1
a: Berserk, Trog's Hand, Burn Spellbooks, Renounce Religion


You were on level 4 of the Dungeon.
You worshipped Trog.
Trog was most pleased with you.
You were starving.

You visited 1 branch of the dungeon, and saw 4 of its levels.

You collected 121 gold pieces.

Inventory:

Hand Weapons
 a - a +0 mace (weapon)
 x - a +0 mace of protection
Armour
 b - a +0 animal skin (worn)
 l - a +1 cloak (worn)
Jewellery
 g - a ring of fire (left hand)
 j - an amulet of guardian spirit (around neck)
Scrolls
 e - 2 scrolls of teleportation
 f - a scroll of remove curse
 k - 2 scrolls of recharging
 m - a scroll of identify
 n - a scroll of amnesia {unknown}
 u - 2 scrolls of enchant weapon {unknown}
 v - a scroll of immolation {unknown}
 w - a scroll of fear {unknown}
Potions
 d - a potion of magic
 h - a potion of heal wounds {unknown}
 o - a potion of mutation {unknown}
 p - a potion of haste {unknown}
 q - a potion of resistance {unknown}
 s - a potion of might {unknown}
 t - a potion of degeneration {unknown}
Comestibles
 c - 3 bread rations
 i - 4 fruits
 r - a meat ration


   Skills:
 + Level 5.9 Fighting
 * Level 5.0 Maces & Flails
 - Level 2.6 Dodging


You had 4 spell levels left.
You didn't know any spells.

Dungeon Overview and Level Annotations

Branches:
Dungeon (4/15)
 Temple: D:4-7

Altars:
Ashenzari
The Shining One


Innate Abilities, Weirdness & Mutations

You are too large for most types of armour.
You have tough skin. (AC +1)


Message History

You are too injured to fight recklessly!
You are too injured to fight recklessly!
You are too injured to fight recklessly!
You are too injured to fight recklessly!
A red film seems to cover your vision as you go berserk!
You feel yourself moving faster!
You feel mighty!
You are starving!
You feel sick. The iguana bites you!
* * * LOW HITPOINT WARNING * * *
The scorpion stings you but does no damage.
You hit the iguana but do no damage. The iguana barely misses you.
The scorpion stings you.
* * * LOW HITPOINT WARNING * * *
You are more poisoned.
The scorpion poisons you!
You closely miss the iguana.
You feel sick.
You closely miss the iguana.
You feel sick. The scorpion stings you!
* * * LOW HITPOINT WARNING * * *
The iguana bites you.
You die...

..... ....###.......... ..
..... ................
##.. ....
##............... .....
.##. #.^....#...#....#
..... #. #...............#
...... ..
................##......
.................l......
..........###...@s......
..........##............
#.......................
#.......................
##...................#..
........................
........................
##.
#.....##..#...............
......
#..#..####..........
.....##.. #.


You could see a scorpion and an iguana.

Vanquished Creatures
  A crimson imp (D:4)
  An orc wizard (D:4)
  A hound skeleton (D:4)
  5 adders
  2 oozes
  An adder skeleton (D:4)
  A worm (D:2)
  2 dart slugs
  A leopard gecko (D:2)
  8 orcs
  A ball python (D:3)
  5 bats
  A giant cockroach (D:4)
  6 goblins
  8 hobgoblins
  4 jackals
  4 kobolds
  7 frilled lizards
  2 goblin skeletons (D:4)
  A goblin zombie (D:4)
  3 hobgoblin zombies (D:4)
  A kobold skeleton (D:4)
  2 kobold zombies (D:4)
  2 orc skeletons (D:4)
  A quokka skeleton (D:4)
  8 rats
79 creatures vanquished.

Notes
Turn   | Place    | Note
-------+----------+-------------------------------------------
     0 | D:1      | Hybris the Ogre Berserker began the quest for the Orb.
     0 | D:1      | Reached XP level 1. HP: 24/24 MP: 1/1
   101 | D:1      | Reached XP level 2. HP: 31/32 MP: 2/2
   535 | D:2      | Reached XP level 3. HP: 40/40 MP: 3/3
  1298 | D:2      | Reached ** piety under Trog
  1464 | D:2      | Reached XP level 4. HP: 49/49 MP: 4/4
  1892 | D:2      | Reached skill level 5 in Fighting
  2616 | D:3      | Found a shattered altar of Ashenzari.
  3176 | D:4      | Reached XP level 5. HP: 47/57 MP: 5/5
  3445 | D:4      | Found a glowing golden altar of the Shining One.
  3624 | D:4      | Reached *** piety under Trog
  3624 | D:4      | Reached skill level 5 in Maces & Flails
  3998 | D:4      | Slain by an iguana

Vault maps used:
D:1:      lightli_arrival_maybe_door_vault
D:2:      minmay_diamond_boxcup, kennysheep_generic_room_11
D:3:      evilmike_ruin_ashenzari
D:4:      nicolae_tso_besieged_by_evil, first_bread, st_stairs_14

Skill      XL: |  1  2  3  4  5 |
---------------+----------------+-----
Maces & Flails | 3 4 5 |  5.0
Fighting       | 5 |  5.9
Dodging        | |  2.6

Action                   |  1- 3 |  4- 6 || total
-------------------------+-------+-------++-------
Melee: Mace              |    83 |   277 ||   360
Invok: Berserk           |     3 |     3 ||     6
       Burn Spellbooks   |       |     1 ||     1
       Trog's Hand       |       |     1 ||     1
  Use: Scroll            |       |     4 ||     4
  Eat: Chunk             |     5 |     9 ||    14
Armor: Animal skin       |    53 |   110 ||   163
Dodge: Dodged            |    62 |   155 ||   217
